 Dungeon Crawl Stone Soup version 0.29-a0-90-gc37658a0fe (webtiles) character file.

Game seed: 1043439865629195062

81 Gargoyl the Skirmisher (level 4, -1/30 HPs)
             Began as a Gargoyle Abyssal Knight on Feb 6, 2022.
             Was a Believer of Lugonu.
             Slain by paps's ghost (10 damage)
             ... on level 3 of the Dungeon.
             The game lasted 00:04:04 (3038 turns).

Gargoyl the Skirmisher (Gargoyle Abyssal Knight)    Turns: 3038, Time: 00:04:04

Health: -1/30      AC: 13    Str: 19    XL:     4   Next: 42%
Magic:  5/5        EV: 11    Int: 10    God:    Lugonu [**....]
Gold:   53         SH:  0    Dex: 10    Spells: 3/3 levels left

rFire   . . .      SeeInvis .   c - +3 dagger (protect)
rCold   . . .      Faith    .   (no shield)
rNeg    + . .      Spirit   .   b - +0 leather armour
rPois   ∞          Reflect  .   (no helmet)
rElec   +          Harm     .   (no cloak)
rCorr   .          Rampage  .   (no gloves)
Will    .....                   (no boots)
Stlth   +.........              (no amulet)
HPRegen 0.10/turn               (no ring)
MPRegen 0.09/turn               (no ring)

@: under a protective aura
A: sickness immunity, AC +3, negative energy resistance 1, electricity
resistance, torment resistance 1, petrification resistance
a: Renounce Religion, Depart the Abyss, Bend Space


You were on level 3 of the Dungeon.
You worshipped Lugonu.
Lugonu was pleased with you.
You visited 1 branch of the dungeon, and saw 3 of its levels.
You visited the Abyss 1 time.

You collected 53 gold pieces.

Inventory:

Hand Weapons
 a - a +2 hand axe
 c - a +3 dagger of protection (weapon)
Missiles
 h - 3 curare-tipped darts (quivered)
Armour
 b - a +0 leather armour (worn)
Jewellery
 i - a ring of flight
Scrolls
 g - a scroll of blinking
Potions
 e - a potion of haste
 f - a potion of resistance


   Skills:
 + Level 4.3 Fighting
 + Level 1.2 Short Blades
 + Level 2.0 Axes
 + Level 2.7 Armour
 + Level 1.4 Dodging
 + Level 0.2 Stealth
 + Level 2.1 Invocations


You had 3 spell levels left.
You didn't know any spells.
Your spell library contained the following spells:

 Spells                   Type           Power      Damage    Failure   Level
 Magic Dart               Conj           0%         1d3       41%         1
 Call Imp                 Summ           0%         N/A       56%         2
 Static Discharge         Conj/Air       0%         N/A       56%         2
 Mephitic Cloud           Conj/Pois/Air  0%         N/A       80%         3
 Lightning Bolt           Conj/Air       0%         1d11      100%        5
 Maxwell's Capacitive Co  Air            0%         ∞         100%        8


Dungeon Overview and Level Annotations

Branches:
Dungeon (3/15)

Altars:
Cheibriados

Shops:
D:1 =([*

Annotations:
D:3 paps's ghost, novice OpFi


Innate Abilities, Weirdness & Mutations

You are immune to sickness and miasma.
Your stone body is resilient. (AC +3)
You are immune to poison.
You resist negative energy. (rN+)
You are resistant to electric shocks. (rElec)
You are resistant to unholy torment.
You are immune to petrification.


Message History

Paps's ghost hits you.
* * * LOW HITPOINT WARNING * * *
You feel better.
Paps's ghost hits you but does no damage.
Okay, then.
As you read the scroll of enchant weapon, it crumbles to dust.
Your +2 dagger of protection glows red for a moment.
Paps's ghost barely misses you.
You hit paps's ghost.
Your weapon exudes an aura of protection.
Paps's ghost is moderately damaged.
Paps's ghost barely misses you.
You hit paps's ghost.
Paps's ghost is moderately damaged.
Paps's ghost closely misses you.
You barely miss paps's ghost.
Paps's ghost is moderately damaged.
Paps's ghost hits you but does no damage.
You hit paps's ghost.
Paps's ghost is moderately damaged.
You hit paps's ghost.
Paps's ghost is heavily damaged.
Paps's ghost closely misses you.
You hit paps's ghost.
Paps's ghost is heavily damaged.
Paps's ghost hits you but does no damage.
You hit paps's ghost.
Paps's ghost is heavily damaged.
Paps's ghost misses you.
You hit paps's ghost.
Paps's ghost is severely damaged.
Paps's ghost stares at you.
Paps's ghost hits you but does no damage.
You hit paps's ghost.
Paps's ghost is severely damaged.
Paps's ghost closely misses you.
You closely miss paps's ghost.
Paps's ghost is severely damaged.
Paps's ghost hits you!
You die...

.###.### #..........#......
.###.#.##### #.............#...
...........# #####...####..#...
.....#.###.###########.####..#...
.....#.#...........#.............
###..#.#...........##..######....
.....#.+...#####...#...........).
###..###...# §§#...#.#######..>##
##.# #...# §lW@..#.# #.#.# #.#
#...# §§#...#.# #...# #.# #####
####....# #.### #.#
###########.### #.# #.#
#...........# #.# #.#
#.########### #.# #.# #.# ###
#.###.# #.....#


You could see an iguana and paps's ghost.

Vanquished Creatures
  An adder (D:3)
  A gnoll (D:1)
  A worm (D:2)
  3 orcs (D:3)
  7 endoplasms
  A giant cockroach (D:2)
  4 goblins
  3 hobgoblins (D:2)
  3 quokkas
  6 ball pythons
  4 bats
  11 frilled lizards
  5 kobolds
  6 rats
56 creatures vanquished.

Vanquished Creatures (others)
  3 plants (D:1)
3 creatures vanquished.

Grand Total: 59 creatures vanquished

Notes
Turn   | Place    | Note
-------+----------+-------------------------------------------
     0 | Abyss:1  | Gargoyl the Gargoyle Abyssal Knight began the quest for the
                  | Orb.
     0 | Abyss:1  | Reached XP level 1. HP: 14/14 MP: 2/2
   133 | Abyss:1  | Noticed a thrashing horror
   134 | D:1      | Escaped the Abyss
   250 | D:1      | Found Fayv Gin's Weapon Shoppe.
   448 | D:1      | Reached XP level 2. HP: 18/19 MP: 3/3
   489 | D:1      | Reached * piety under Lugonu
   663 | D:1      | Found Zijy Sag's Assorted Antiques.
   693 | D:1      | Reached skill level 1 in Dodging
   766 | D:1      | Found a faded altar of an unknown god.
   798 | D:1      | Reached XP level 3. HP: 24/24 MP: 4/4
   809 | D:1      | Found Poof's Armour Shoppe.
   861 | D:1      | Reached skill level 4 in Fighting
   880 | D:1      | Found Pydoomn's Jewellery Boutique.
  1719 | D:2      | Reached ** piety under Lugonu
  1942 | D:2      | Reached XP level 4. HP: 26/29 MP: 5/5
  2114 | D:2      | Found a snail-covered altar of Cheibriados.
  2317 | D:3      | Reached skill level 1 in Short Blades
  2745 | D:3      | Found a runed translucent door.
  2746 | D:3      | Noticed paps's ghost (novice OpFi)
  3022 | D:3      | HP: 1/45 [paps's ghost (7)]
  3038 | D:3      | Slain by paps's ghost

Illustrated notes

Levels and vault maps discovered:
D:1:      onia_arrival_mini_maze, layout_loops_cross,
          shapermc_ecumenical_altar_pompeii, serial_shops,
          nicolae_shop_bloodbath_and_beyond, nicolae_shop_advertising_works
          [nicolae_subvault_shop_adworks],
          nicolae_shop_temple_entry_statues_fountains,
          nicolae_shop_overgrown_old_shop, nicolae_grassy_gnolls
D:2:      layout_loops_ring, basic_altar, minmay_lizard_pond
D:3:      layout_basic, ebering_ghost_inner_flame, minmay_misc_feat_square

Skill      XL: |  1  2  3  4 |
---------------+-------------+-----
Dodging        | 1 |  1.4
Axes           | 2 |  2.0
Fighting       | 4 |  4.3
Short Blades   | 1 |  1.2
Armour         | |  2.7
Stealth        | |  0.2
Invocations    | |  2.1

Action                   |  1- 3 |  4- 6 || total
-------------------------+-------+-------++-------
Melee: Hand axe          |    10 |       ||    10
       Dagger            |   124 |    69 ||   193
       Punch             |     2 |     1 ||     3
Invok: Depart the Abyss  |     1 |       ||     1
  Use: Scroll            |     2 |     3 ||     5
       Potion            |       |     6 ||     6
 Stab: Sleeping          |     1 |       ||     1
Armor: Leather armour    |    52 |    23 ||    75
       Skin              |       |     9 ||     9
Dodge: Dodged            |   102 |    29 ||   131

Table legend: (Time is in decaauts)
 A = Elapsed time spent in this place.
 B = Non-inter-level travel time spent in this place.
 C = Inter-level travel time spent in this place.
 D = Time resting spent in this place.
 E = Time spent auto-exploring this place.
 F = Levels seen in this place.
 G = Mean time per level.
                   A        B        C        D        E       F      G
               +--------+--------+--------+--------+--------+-----+--------+
         Total |   3041 |   2955 |     86 |      0 |   2390 |   4 |  760.2 |
       Dungeon |   2899 |   2813 |     86 |      0 |   2251 |   3 |  966.3 |
         Abyss |    141 |    141 |      0 |      0 |    139 |   1 |  141.0 |
               +--------+--------+--------+--------+--------+-----+--------+

Top non-repeatable levels by time:
     D:1: 1136 daAuts
     D:2: 1013 daAuts
     D:3: 749 daAuts
 Abyss:1: 141 daAuts
